 Dungeon Crawl Stone Soup version 0.20.0-8-g6b59dc7 (webtiles) character file.

149 Kisielow the Conjurer (level 5, 0/28 HPs)
             Began as a Deep Elf Conjurer on May 30, 2017.
             Succumbed to a water moccasin's poison
             ... on level 3 of the Dungeon.
             The game lasted 00:10:04 (3117 turns).

Kisielow the Conjurer (Deep Elf Conjurer)           Turns: 3117, Time: 00:10:04

Health: 0/28       AC:  4    Str:  5    XL:     5   Next: 9%
Magic:  2/11       EV: 13    Int: 21    God:
Gold:   118        SH:  0    Dex: 15    Spells: 3/10 levels left

rFire    . . .     SeeInvis .   k - +2 dagger (venom)
rCold    . . .     Gourm    .   (no shield)
rNeg     . . .     Faith    .   a - +0 robe
rPois    .         Spirit   +   (no helmet)
rElec    .         Reflect  .   p - +1 cloak
rCorr    .         Harm     .   (no gloves)
MR       .....                  (no boots)
Stlth    ++........             f - amulet of guardian spirit
Regen    0.1/turn               (no ring)
MPRegen  0.2/turn               (no ring)

@: lethally poisoned (0 -> -9)
A: no striking features
a: no special abilities


You were on level 3 of the Dungeon.
You were hungry.

You visited 1 branch of the dungeon, and saw 3 of its levels.

You collected 118 gold pieces.

Inventory:

Hand Weapons
 k - a +2 dagger of venom (weapon)
Armour
 a - a +0 robe (worn)
 p - a +1 cloak (worn)
Jewellery
 f - an amulet of guardian spirit (around neck)
Potions
 i - a potion of agility
 m - a potion of mutation {unknown}
 o - a potion of resistance {unknown}
 r - 2 potions of brilliance
 u - a potion of might {unknown}
Books
 b - a book of Conjurations

   Spells                             Type                      Level
   a - Magic Dart                     Conjuration                  1
   b - Searing Ray                    Conjuration                  2
   c - Dazzling Spray                 Conjuration/Hexes            3
   d - Fulminant Prism                Conjuration/Hexes            4
   e - Force Lance                    Conjuration/Translocation    4
   f - Iskenderun's Mystic Blast      Conjuration                  4
Comestibles
 c - 3 bread rations
 h - a meat ration
 q - 2 fruits
 t - a royal jelly


   Skills:
 - Level 2.4 Dodging
 - Level 2.4 Stealth
 - Level 3.0 Spellcasting
 + Level 7.1 Conjurations


You had 3 spell levels left.
You knew the following spells:

 Your Spells              Type           Power        Failure   Level  Hunger
a - Magic Dart            Conj           ####         1%          1    None
b - Searing Ray           Conj           ####..       1%          2    ##.....
c - Force Lance           Conj/Tloc      ###.....     30%         4    ####...


Dungeon Overview and Level Annotations

Branches:
Dungeon (3/15)

Altars:
Nemelex Xobeh


Message History

The water moccasin bites you but does no damage.
You feel better. The water moccasin bites you!
* * * LOW HITPOINT WARNING * * *
You are lethally poisoned!
The water moccasin poisons you! The water moccasin barely misses you.
* * * LOW HITPOINT WARNING * * *
You feel sick.
* * * LOW HITPOINT WARNING * * *
You feel sick. The water moccasin closely misses you.
You miss the water moccasin.
The water moccasin is almost dead.
* * * LOW HITPOINT WARNING * * *
You feel sick. The water moccasin closely misses you.
You hit the water moccasin but do no damage.
The water moccasin is almost dead.
* * * LOW HITPOINT WARNING * * *
You feel sick. The water moccasin barely misses you.
You miss the water moccasin.
The water moccasin is almost dead.
You die...

#.............
#...............
##########...............
#..............>.........
#........#..............#
#........#.......########
#........#.......
#........# ######
#.......@# ########S# #.#
#........ #########


You could see a water moccasin.

Vanquished Creatures
  2 gnolls (D:3)
  4 adders
  2 oozes
  4 worms
  2 dart slugs
  A leopard gecko (D:2)
  An orc (D:3)
  3 ball pythons
  4 giant cockroaches
  9 goblins
  4 hobgoblins
  4 jackals (D:2)
  11 kobolds
  8 bats
  4 frilled lizards
  8 rats
  A bush (D:2)
72 creatures vanquished.

Notes
Turn   | Place    | Note
-------+----------+-------------------------------------------
     0 | D:1      | Kisielow the Deep Elf Conjurer began the quest for the Orb.
     0 | D:1      | Reached XP level 1. HP: 10/10 MP: 6/6
   298 | D:1      | Reached XP level 2. HP: 15/15 MP: 5/8
   310 | D:1      | Learned a level 2 spell: Searing Ray
   370 | D:1      | Reached skill level 5 in Conjurations
   860 | D:1      | Reached XP level 3. HP: 19/19 MP: 7/9
  1601 | D:2      | Reached skill level 6 in Conjurations
  1615 | D:2      | Found a sparkling altar of Nemelex Xobeh.
  1764 | D:2      | Reached XP level 4. HP: 24/24 MP: 5/10
  2579 | D:3      | Learned a level 4 spell: Force Lance
  3009 | D:3      | Reached skill level 7 in Conjurations
  3009 | D:3      | Reached XP level 5. HP: 28/28 MP: 2/11
  3100 | D:3      | Noticed a water moccasin
  3116 | D:3      | HP: 1/28 [poisoned by a water moccasin]
  3117 | D:3      | Succumbed to a water moccasin's poison

Skill      XL: |  1  2  3  4 |
---------------+-------------+-----
Conjurations   | 5 6 7 |  7.1
Dodging        | |  2.4
Stealth        | |  2.4
Spellcasting   | |  3.0

Action                   |  1- 3 |  4- 6 || total
-------------------------+-------+-------++-------
Melee: Dagger            |     1 |    33 ||    34
 Cast: Magic Dart        |    80 |    66 ||   146
       Searing Ray       |     1 |     2 ||     3
  Use: Scroll            |       |     7 ||     7
       Potion            |       |     2 ||     2
  Eat: Chunk             |     2 |     4 ||     6
Armor: Robe              |     3 |     8 ||    11
Dodge: Dodged            |    12 |    27 ||    39
